 Dungeon Crawl Stone Soup version 0.19.1 (webtiles) character file.

154 smedtjen the Chopper (level 5, -6/47 HPs)
             Began as a Hill Orc Abyssal Knight on Dec 13, 2016.
             Was a Believer of Lugonu.
             Killed by divine providence
             ... invoked by an orc priest
              (13 damage)
             ... on level 3 of the Dungeon.
             The game lasted 00:05:13 (2644 turns).

smedtjen the Chopper (Hill Orc Abyssal Knight)      Turns: 2644, Time: 00:05:14

Health: -6/47      AC: 11    Str: 15    XL:     5   Next: 35%
Magic:  6/6        EV: 10    Int: 12    God:    Lugonu [**....]
Gold:   189        SH:  0    Dex: 16    Spells: 0 memorised, 4 levels left

rFire  . . .     SeeInvis .     a - +1 hand axe
rCold  . . .     Gourm    .     j - +0 plate armour
rNeg   . . .     Faith    .     (no shield)
rPois  .         Spirit   .     (no helmet)
rElec  .         Reflect  .     (no cloak)
rCorr  .         Harm     +     (no gloves)
MR     +....                    (no boots)
Stlth  ..........               m - amulet of harm
                                (no ring)
                                g - ring of protection from magic

@: agile
A: no striking features
a: Depart the Abyss, Bend Space, Renounce Religion, Convert to Beogh


You were on level 3 of the Dungeon.
You worshipped Lugonu.
Lugonu was pleased with you.
You were not hungry.

You visited 1 branch of the dungeon, and saw 3 of its levels.
You visited the Abyss 1 time.

You collected 189 gold pieces.

Inventory:

Hand Weapons
 a - a +1 hand axe (weapon)
 h - a +0 morningstar
Armour
 b - a +0 leather armour
 j - a +0 plate armour (worn)
Jewellery
 g - a ring of protection from magic (left hand)
 m - an amulet of harm (around neck)
Wands
 l - a wand of random effects (34/48)
Scrolls
 e - 5 scrolls of identify
 i - a scroll of remove curse
Potions
 d - a potion of magic {unknown}
 f - a potion of agility
 k - a potion of berserk rage {unknown}
 n - a potion of heal wounds {unknown}
Comestibles
 c - 2 bread rations


   Skills:
 + Level 4.6 Fighting
 + Level 5.1 Axes
 + Level 3.4 Armour
 + Level 1.2 Dodging
 + Level 2.5 Invocations


You had 4 spell levels left.
You didn't know any spells.

Dungeon Overview and Level Annotations

Branches:
Dungeon (3/15)

Altars:


Message History

You are too injured to fight recklessly!
You are too injured to fight recklessly!
You are too injured to fight recklessly!
You are too injured to fight recklessly!
You are too injured to fight recklessly!
You are too injured to fight recklessly!
You are too injured to fight recklessly!
Unknown command.
You start eating one of the 2 bread rations.
The orc hits you.
Keep eating? [Y]es or [N]o only, please.
Keep eating?
You stop eating.
* * * LOW HITPOINT WARNING * * *
You feel agile all of a sudden. The orc hits you but does no damage.
The orc priest invokes the aid of Beogh against you.
Beogh smites you!
You die...

#o......#.#...
# #h####### #
#{# # #o# #
#[# ########
#r# ........
#o# ########
#.# # #@# #
#(# #.# #(#
####### #(#
#...... #.#
#.##### #.#
#.# #.# #.#
#.# #.#


You could see an orc priest, an orc, a jackal and a rat.

Vanquished Creatures
  An orc wizard (D:3)
  3 gnolls (D:3)
  2 adders
  An ooze (D:2)
  3 dart slugs
  4 worms
  An orc (D:3)
  2 ball pythons (D:1)
  8 bats
  6 giant cockroaches
  10 goblins
  5 hobgoblins
  5 kobolds
  3 frilled lizards
  4 rats
58 creatures vanquished.

Notes
Turn   | Place    | Note
-------+----------+-------------------------------------------
     0 | Abyss:1  | smedtjen the Hill Orc Abyssal Knight began the quest for the Orb.
     0 | Abyss:1  | Reached XP level 1. HP: 19/19 MP: 2/2
    99 | Abyss:1  | Noticed a worldbinder
   101 | Abyss:1  | Noticed a chaos spawn
   103 | D:1      | Escaped the Abyss
   210 | D:1      | Reached * piety under Lugonu
   210 | D:1      | Reached XP level 2. HP: 22/27 MP: 3/3
   475 | D:1      | Reached skill level 3 in Axes
   591 | D:1      | Reached skill level 1 in Dodging
   593 | D:1      | Reached XP level 3. HP: 33/33 MP: 4/4
  1459 | D:2      | Reached skill level 4 in Axes
  1459 | D:2      | Reached XP level 4. HP: 32/40 MP: 5/5
  1461 | D:2      | Reached ** piety under Lugonu
  2059 | D:3      | Reached XP level 5. HP: 7/47 MP: 6/6
  2636 | D:3      | Reached skill level 5 in Axes
  2644 | D:3      | Killed from afar by an orc priest

Skill      XL: |  1  2  3  4  5 |
---------------+----------------+-----
Fighting       | 4 |  4.6
Axes           | 3 4 5 |  5.1
Dodging        | 1 |  1.2
Armour         | 3 |  3.4
Invocations    | |  2.5

Action                   |  1- 3 |  4- 6 || total
-------------------------+-------+-------++-------
Melee: Hand axe          |   115 |   123 ||   238
Invok: Depart the Abyss  |     1 |       ||     1
  Use: Scroll            |       |     5 ||     5
       Potion            |       |     1 ||     1
  Eat: Fruit             |     3 |       ||     3
       Chunk             |     1 |       ||     1
       Bread ration      |       |     1 ||     1
Armor: Leather armour    |    26 |       ||    26
       Plate armour      |    24 |    76 ||   100
Dodge: Dodged            |    66 |    30 ||    96
